 Dungeon Crawl Stone Soup version 0.21-a0-440-g28109cb (webtiles) character file.

32 Gildeon the Magician (level 3, -2/24 HPs)
             Began as a Human Wizard on Nov 11, 2017.
             Slain by a worm (8 damage)
             ... on level 2 of the Dungeon.
             The game lasted 00:17:12 (1450 turns).

Gildeon the Magician (Human Wizard)                 Turns: 1450, Time: 00:17:13

Health: -2/24      AC:  2    Str:  7    XL:     3   Next: 42%
Magic:  0/7        EV: 15    Int: 23    God:
Gold:   59         SH:  2    Dex: 11    Spells: 1/8 levels left

rFire    . . .     SeeInvis .   m - +0 short sword
rCold    . . .     Gourm    .   (no shield)
rNeg     . . .     Faith    .   o - +0 robe
rPois    .         Spirit   .   b - +0 hat
rElec    .         Reflect  +   (no cloak)
rCorr    .         Harm     .   (no gloves)
MR       .....                  (no boots)
Stlth    ++........             g - +2 amulet of reflection
HPRegen  0.08/turn              n - +4 ring of intelligence
MPRegen  0.10/turn              h - +3 ring of evasion

@: no status effects
A: no striking features
a: no special abilities


You were on level 2 of the Dungeon.
You were hungry.

You visited 1 branch of the dungeon, and saw 2 of its levels.

You collected 59 gold pieces.

Inventory:

Hand Weapons
 i - a +0 dagger
 m - a +0 short sword (weapon)
Armour
 b - a +0 hat (worn)
 o - a +0 robe (worn)
Jewellery
 g - a +2 amulet of reflection (around neck)
 h - a +3 ring of evasion (right hand)
 n - a +4 ring of intelligence (left hand)
Scrolls
 f - a scroll of enchant armour {unknown}
 j - a scroll of random uselessness {unknown}
 p - a scroll of magic mapping {unknown}
Potions
 e - a potion of flight {unknown}
 k - a potion of cancellation {unknown}
 l - a potion of brilliance {unknown}
Books
 c - a book of Minor Magic

   Spells                             Type                      Level
   a - Magic Dart                     Conjuration                  1
   b - Blink                          Translocation                2
   c - Call Imp                       Summoning                    2
   d - Slow                           Hexes                        2
   e - Conjure Flame                  Conjuration/Fire             3
   f - Mephitic Cloud                 Conjuration/Poison/Air       3
Comestibles
 a - 3 chunks of flesh
 d - a bread ration


   Skills:
 * Level 0.2 Fighting
 * Level 0.3 Short Blades
 + Level 2.4 Dodging
 - Level 2.0 Stealth
 + Level 3.4 Spellcasting
 * Level 1.7 Conjurations
 + Level 1.0 Summonings
 + Level 1.0 Translocations


You had one spell level left.
You knew the following spells:

 Your Spells              Type           Power        Failure   Level  Hunger
a - Magic Dart            Conj           ##..         5%          1    None
b - Blink                 Tloc           N/A          11%         2    ##.....
c - Call Imp              Summ           #.......     11%         2    ##.....
d - Slow                  Hex            #.......     17%         2    ##.....


Dungeon Overview and Level Annotations

Branches:
Dungeon (2/15)

Altars:


Message History

The worm is severely wounded.
The worm closely misses you.
Casting: Blink
Confirm with . or Enter, or press ? or * to list all spells.
Aiming: Magic Dart
Press: ? - help, Shift-Dir - straight line, f/p - worm
Aim: a worm (severely wounded)
The magic dart hits the worm.
The worm is severely wounded.
The worm bites you.
* * * LOW HITPOINT WARNING * * *
You hit the worm.
The worm is almost dead.
You hit the worm but do no damage.
The worm is almost dead.
The worm misses you.
You hit the worm.
The worm is almost dead.
The worm bites you!
You die...

#..#.#..# #.# #..#.#..# #.#
#..#.#..# #.#####
#......)######## #.....####
#.....[###.....#####<......#
####.#####...%.##.....#.##.#
###.# #.......##.###.#.##.#
#...# #.#..w..##.# #...##.#
#.### #.#...@.##.###.####.# #
#.# #.########.....####.#
#.##.#####.##########........#
#.................# #.########
#........(.#....#.###.#
#.##.##.#.....#.......# ##
###....#..<..#.#####
##.#.....###.# ##.......###.#


You could see a worm.

Vanquished Creatures
  3 giant cockroaches
  A hobgoblin (D:1)
  4 kobolds (D:1)
  A ball python (D:1)
  9 bats
  A frilled lizard (D:1)
  4 goblins (D:1)
  6 rats
29 creatures vanquished.

Notes
Turn   | Place    | Note
-------+----------+-------------------------------------------
     0 | D:1      | Gildeon the Human Wizard began the quest for the Orb.
     0 | D:1      | Reached XP level 1. HP: 13/13 MP: 4/4
   295 | D:1      | Reached XP level 2. HP: 19/19 MP: 3/6
   362 | D:1      | Learned a level 2 spell: Blink
   383 | D:1      | Learned a level 2 spell: Call Imp
   386 | D:1      | Learned a level 2 spell: Slow
   852 | D:1      | Reached XP level 3. HP: 24/24 MP: 2/7
  1450 | D:2      | Slain by a worm

Vault maps used:
D:1:      dpeg_arrival_shelter, st_stairs_4
D:2:      nicolae_dithmenos_through_a_glass_darkly, uniq_crazy_yiuf_cottage

Action                   || total
-------------------------++-------
Melee: Unarmed           ||    16
       Short sword       ||    14
 Cast: Magic Dart        ||    62
       Blink             ||     1
  Eat: Chunk             ||     1
Armor: Robe              ||     5
Dodge: Dodged            ||    19
Block: Other             ||     1

Table legend:
 A = Spawn XP
 B = Non-spawn XP
 C = Spawn XP percentage of total XP
 D = Spawn monster count
 E = Non-spawn monster count
 F = Spawn count percentage of total count
 G = Total turns spent on level
                    A         B        C        D         E        F      G
               +---------+---------+-------+---------+---------+-------+---------
         Total |       0 |      46 |   0.0 |       0 |      29 |   0.0 |  1450
               +---------+---------+-------+---------+---------+-------+---------
           D:1 |       0 |      35 |   0.0 |       0 |      23 |   0.0 |  1251
           D:2 |       0 |      11 |   0.0 |       0 |       6 |   0.0 |   199
               +---------+---------+-------+---------+---------+-------+---------
